 Dungeon Crawl Stone Soup version 0.18-a0-971-g0af6217 (webtiles) character file.

373 homeworkjunkie the Covered (level 6, -8/53 HPs)
             Began as a Hill Orc Fighter on Jan 2, 2016.
             Mangled by Prince Ribbit (12 damage)
             ... on level 5 of the Dungeon.
             The game lasted 00:03:32 (1838 turns).

homeworkjunkie the Covered (Hill Orc Fighter)       Turns: 1838, Time: 00:03:33

Health: -8/53      AC:  7    Str: 21      XL:     6   Next: 71%
Magic:  0/15       EV:  8    Int: 13      God:
Gold:   62         SH:  9    Dex:  9 (10) Spells: 0 memorised, 5 levels left

rFire  . . .     SeeInvis .     a - +0 war axe
rCold  . . .     Gourm    .     b - +0 scale mail
rNeg   . . .     Faith    .     c - +0 shield
rPois  .         Spirit   +     (no helmet)
rElec  .         Dismiss  .     (no cloak)
rCorr  .         Reflect  .     (no gloves)
SustAt .         Harm     .     (no boots)
MR     .....                    g - amulet of guardian spirit
Stlth  ..........               (no ring)
                                i - ring of magical power

@: brilliant, not resistant to hostile enchantments, extremely unstealthy
A: no striking features
a: no special abilities


You were on level 5 of the Dungeon.
You were not hungry.

You visited 1 branch of the dungeon, and saw 5 of its levels.

You collected 62 gold pieces.

Inventory:

Hand Weapons
 a - a +0 war axe (weapon)
Armour
 b - a +0 scale mail (worn)
 c - a +0 shield (worn)
Jewellery
 g - an amulet of guardian spirit (around neck)
 i - a ring of magical power (left hand)
Scrolls
 e - a scroll of identify
Comestibles
 f - 2 bread rations


   Skills:
 * Level 4.7 Fighting
 * Level 4.8 Axes
 * Level 5.2 Armour
 + Level 1.0 Dodging
 * Level 4.9 Shields


You had 5 spell levels left.
You didn't know any spells.

Dungeon Overview and Level Annotations

Branches:
Dungeon (5/15)
 Temple: D:4-7

Altars:
Okawaru

Annotations:
D:5 Prince Ribbit


Message History

The orc shouts!
The adder bites you but does no damage. The giant frog hits you.
* * * LOW HITPOINT WARNING * * *
You block the quasit's attack.
The quasit claws you but does no damage. x2
You block the quasit's attack. The quasit claws you.
The quasit claws you but does no damage.
The giant frog hits you but does no damage.
You block the giant frog's attack.
You slash the giant frog!
You kill the giant frog!
Your Dodging skill increases to level 1!
Prince Ribbit hits you.
Prince Ribbit momentarily phases out as your attack passes through him.
Prince Ribbit is lightly wounded.
Prince Ribbit hits you but does no damage. x2
You closely miss Prince Ribbit.
Prince Ribbit is lightly wounded.
Prince Ribbit hits you!
You die...

....♣.♣ ......#
..♣%♣.♣ .....#
♣.♣.♣.♣.....#
♣._.♣$♣....#
♣.♣.♣...# ♣.♣...###
.♣......#
♣...#..o#######...
.!........S5F@.......
##..$.#....###.######
#.....###### .#
#...### .. #... #.#
#... .. #.# .#


You could see Prince Ribbit, a quasit, an adder and an orc.

Vanquished Creatures
  Grinder (D:5)
  A giant frog (D:5)
  An orc priest (D:4)
  Ijyb (D:2)
  2 adders
  3 worms
  A giant gecko (D:3)
  10 orcs
  A giant cockroach (D:1)
  A goblin (D:2)
  3 hobgoblins
  A jackal (D:3)
  2 quokkas
  2 bats
  2 giant newts (D:2)
  A kobold (D:2)
  3 rats
36 creatures vanquished.

Notes
Turn   | Place    | Note
--------------------------------------------------------------
     0 | D:1      | homeworkjunkie the Hill Orc Fighter began the quest for the Orb.
     0 | D:1      | Reached XP level 1. HP: 19/19 MP: 1/1
    95 | D:2      | Noticed Ijyb
   101 | D:2      | Killed Ijyb
   101 | D:2      | Reached skill level 4 in Fighting
   101 | D:2      | Reached XP level 2. HP: 25/27 MP: 2/2
   101 | D:2      | Reached XP level 3. HP: 30/33 MP: 3/3
   718 | D:2      | Reached XP level 4. HP: 25/40 MP: 1/4
  1017 | D:4      | Reached XP level 5. HP: 18/47 MP: 2/5
  1380 | D:5      | Entered Level 5 of the Dungeon
  1418 | D:5      | Noticed Grinder
  1429 | D:5      | Paralysed by Grinder for 6 turns
  1437 | D:5      | Killed Grinder
  1437 | D:5      | Reached skill level 5 in Armour
  1437 | D:5      | Reached XP level 6. HP: 5/53 MP: 1/6
  1818 | D:5      | Found an iron altar of Okawaru.
  1819 | D:5      | Noticed Prince Ribbit
  1836 | D:5      | Reached skill level 1 in Dodging
  1838 | D:5      | Mangled by Prince Ribbit

Vault maps used:
D:1:      lightli_arrival_lavapool, minmay_misc_feat_columns,
          minmay_crystal_room, solitary_fountain
D:2:      lemuel_doored_altar, minmay_misc_feat_more_columns,
          minmay_misc_feat_doors, uniq_iyjb, uniq_natasha
D:3:      kennysheep_six_static_rooms, first_bread
D:4:      minmay_temple_entry_statues_fountains
D:5:      okawaru_trees_2, gammafunk_temple_overflow_wave, basic_altar,
          uniq_prince_ribbit1, uniq_grinder

Action                   |  1- 3 |  4- 6 || total
-------------------------+-------+-------++-------
Melee: War axe           |    47 |    62 ||   109
  Use: Scroll            |     1 |     2 ||     3
       Potion            |       |     3 ||     3
  Eat: Bread ration      |       |     1 ||     1
